 Dungeon Crawl Stone Soup version 0.31-a0-187-gba352fbbf7 (webtiles) character file.

Game seed: 3413210437544595413

731 qw the Skirmisher (level 7, -6/41 HPs)
             Began as a Deep Elf Hunter on June 22, 2023.
             Mangled by a kobold
             ... wielding a +1 dagger of electrocution
              (18 damage)
             ... on level 5 of the Dungeon.
             The game lasted 00:01:28 (3923 turns).

qw the Skirmisher (Deep Elf Hunter)                 Turns: 3923, Time: 00:01:29

Health: -6/41      AC:  7    Str:  9 (10) XL:     7   Next: 45%
Magic:  9/9        EV: 10    Int: 14      God:
Gold:   207        SH:  0    Dex: 15 (18) Spells: 6/6 levels left

rFire   . . .        Y - +0 longbow
rCold   . . .        (shield currently unavailable)
rNeg    . . .        f - +2 ring mail
rPois   .            (no helmet)
rElec   .            (no cloak)
rCorr   .            (no gloves)
SInv    .            (no boots)
Will    .....        (no amulet)
Stlth   +            (no ring)
HPRegen 0.26/turn    (no ring)
MPRegen 0.11/turn

%: no passive effects
@: no status effects
A: no striking features
a: no special abilities


You were on level 5 of the Dungeon.
You visited 1 branch of the dungeon, and saw 5 of its levels.

You collected 207 gold pieces.


   Skills:
 - Level 3.5 Fighting
 + Level 10.9 Ranged Weapons
 - Level 2.4 Dodging
 - Level 1.2 Stealth


You had 6 spell levels left.
You didn't know any spells.
Your spell library was empty.

Inventory:

Hand Weapons
 Y - a +0 longbow (weapon)
Armour
 f - a +2 ring mail (worn)
Jewellery
 i - a ring of wizardry
Scrolls
 c - a scroll of fog {unknown}
 l - 2 scrolls of identify
 m - a scroll of enchant weapon {unknown}
Potions
 a - 2 potions of heal wounds {unknown}
 b - a potion of mutation {unknown}
 d - 3 potions of curing
 e - a potion of haste {unknown}
 g - a potion of ambrosia {unknown}
 h - a potion of resistance {unknown}
 j - a potion of enlightenment {unknown}
 k - a potion of attraction {unknown}

Dungeon Overview and Level Annotations

Branches:
Dungeon (5/15)
 Temple: D:4-7

Altars:
Fedhas
Hepliaklqana
Qazlal
Uskayaw

Shops:
D:5 :

Annotations:
D:3 2 transporters, qw's ghost, novice GrFi


Message History

Enter note:
Enter note: You shoot an arrow.
The arrow hits the kobold!
You kill the kobold!
a - 2 cyan potions (gained 1)
A kobold comes into view. It is wielding a +1 whip of venom.
Enter note:
Enter note:
Enter note:
Enter note:
Enter note:
Enter note: You shoot an arrow.
The arrow hits the kobold.
You kill the kobold!
You hear a shout! x3
A kobold brigand and 2 kobolds come into view.
The kobold brigand is wielding a +2 whip of pain and quivering curare-tipped darts.
A kobold is wielding a +1 dagger of electrocution.
The kobold brigand shouts!
The kobold shouts! x2
The kobold moves out of view.
Enter note:
Enter note:
Enter note:
Enter note:
Enter note:
Enter note: You shoot an arrow.
The arrow hits the kobold brigand but does no damage.
You shoot an arrow.
The arrow completely misses the kobold brigand.
The kobold brigand hits you with a +2 whip of pain.
You shoot an arrow.
The arrow hits the kobold brigand but does no damage.
The kobold brigand barely misses you.
The kobold hits you but does no damage. x2
You are electrocuted!
You shoot an arrow. The arrow hits the kobold brigand!
The kobold brigand is severely wounded.
The kobold brigand barely misses you.
The kobold hits you but does no damage. x2
You are electrocuted!!
The kobold hits you but does no damage.
You are electrocuted!!
You die...

################
###...<...........
...............#.#
####.#########...#
# # #.#
######..K##.# #
#.# #.......@K).#
#.# .####..K#..#
#)# ##.## .# #.#
#.# .. ...
...#####.# ## #..
.........#
########.### #.#..
#.#.#


You could see a kobold brigand and 2 kobolds.

Vanquished Creatures
  Grinder (D:4)
  4 scorpions
  A hound (D:5)
  A jelly (D:4)
  An orc priest (D:5)
  An orc wizard (D:5)
  3 gnolls (D:4)
  6 adders
  An ufetubus (D:5)
  A worm (D:2)
  2 dart slugs
  7 orcs
  10 ball pythons
  5 bats
  7 endoplasms
  6 giant cockroaches
  9 goblins
  6 hobgoblins
  7 jackals
  5 quokkas
  3 frilled lizards (D:1)
  8 kobolds
  6 rats
101 creatures vanquished.

Notes
Turn   | Place    | Note
-------+----------+-------------------------------------------
     0 | D:1      | qw the Deep Elf Hunter began the quest for the Orb.
     0 | D:1      | Reached XP level 1. HP: 12/12 MP: 3/3
     0 | D:1      | 0 ||| qw: Version: 0.3-a-9-g12657ce
     0 | D:1      | 0 ||| qw: Game counter: 2592
     0 | D:1      | 0 ||| qw: Always use a shield: true
     0 | D:1      | 0 ||| qw: God list: Okawaru
     0 | D:1      | 0 ||| qw: Allow faded altars: false
     0 | D:1      | 0 ||| qw: Do Orc after D:15 true
     0 | D:1      | 0 ||| qw: Do second Lair branch before Depths: true
     0 | D:1      | 0 ||| qw: Lair rune preference: random
     0 | D:1      | 0 ||| qw: Plans: Normal
     0 | D:1      | 0 ||| PLANNING D:1-11
    35 | D:1      | Reached XP level 2. HP: 16/16 MP: 4/4
    37 | D:1      | Reached skill level 6 in Ranged Weapons
   115 | D:1      | Found a faded altar of an unknown god.
   670 | D:1      | Reached XP level 3. HP: 20/20 MP: 5/5
   774 | D:1      | 774 ||| UPGRADING to +0 ring mail.
   784 | D:1      | 784 ||| DROPPING +0 leather armour.
   785 | D:1      | 785 ||| READING scroll labelled FIMPICHA OTSA.
   786 | D:1      | 786 ||| DROPPING scroll of butterflies.
   896 | D:2      | HP: 4/20 [adder (3)]
  1029 | D:2      | Reached skill level 7 in Ranged Weapons
  1374 | D:2      | Found a hazy altar of Hepliaklqana.
  1379 | D:2      | Reached XP level 4. HP: 25/25 MP: 6/6
  1667 | D:2      | 1667 ||| READING scroll labelled HIOPTONYZA.
  1713 | D:2      | 1713 ||| READING 2 scrolls labelled USSAAWN RUDUFFUC.
  1714 | D:2      | 1714 ||| READING scroll labelled BAQERESEAS.
  1715 | D:2      | 1715 ||| READING scroll labelled JAIHURAIBBET.
  1716 | D:2      | 1716 ||| DRINKING 2 yellow potions.
  1717 | D:2      | 1717 ||| DROPPING scroll of noise.
  1796 | D:3      | Found a hide-covered altar of Uskayaw.
  1836 | D:3      | 1836 ||| SWAPPING to +0 longbow.
  1837 | D:3      | 1837 ||| DROPPING +0 heavy shortbow.
  1838 | D:3      | 1838 ||| READING scroll of enchant armour.
  1838 | D:3      | 1838 ||| ENCHANTING +0 ring mail.
  1886 | D:3      | Noticed a scorpion
  1888 | D:3      | Killed a scorpion
  1889 | D:3      | Reached skill level 8 in Ranged Weapons
  1889 | D:3      | Reached XP level 5. HP: 29/29 MP: 7/7
  1906 | D:3      | Found a stormy altar of Qazlal.
  2099 | D:3      | Identified the +2 chain mail of Sloth {Regen+}
  2103 | D:3      | Found a transporter.
  2105 | D:3      | Noticed qw's ghost (novice GrFi)
  2294 | D:3      | Found a transporter.
  2409 | D:3      | 2409 ||| READING scroll labelled BOOFRIACUTS.
  2410 | D:3      | 2410 ||| DRINKING 2 golden potions.
  2436 | D:3      | 2436 ||| DROPPING potion of lignification.
  2557 | D:4      | Reached skill level 9 in Ranged Weapons
  2568 | D:4      | Found a blossoming altar of Fedhas.
  2683 | D:4      | Noticed Grinder
  2688 | D:4      | Killed Grinder
  2689 | D:4      | Reached skill level 3 in Fighting
  2689 | D:4      | Reached XP level 6. HP: 18/37 MP: 8/8
  3165 | D:4      | 3165 ||| READING scroll of enchant armour.
  3165 | D:4      | 3165 ||| ENCHANTING +1 ring mail.
  3179 | D:4      | 3179 ||| READING scroll labelled IMONAOM SOFA.
  3180 | D:4      | 3180 ||| READING scroll labelled CAUKHL DISUN.
  3181 | D:4      | 3181 ||| DRINKING 2 murky black potions.
  3182 | D:4      | 3182 ||| DROPPING potion of degeneration.
  3184 | D:4      | 3184 ||| Stepping ~*~*~tactically~*~*~ (cloud).
  3307 | D:5      | Entered Level 5 of the Dungeon
  3321 | D:5      | 3321 ||| STAIRDANCE
  3444 | D:5      | Reached XP level 7. HP: 40/41 MP: 9/9
  3508 | D:5      | Reached skill level 10 in Ranged Weapons
  3896 | D:5      | Found Godaf's Book Emporium.
  3923 | D:5      | Mangled by a kobold

Levels and vault maps discovered:
D:1:      dpeg_arrival_fog, layout_basic, basic_ecumenical_altar, minmay_vboxes
D:2:      kennysheep_big_flooded_room, layout_loops_ring, basic_altar,
          minmay_splitting_lines
D:3:      layout_basic, grunt_qazlal_clouds, mainiacjoe_overflow_paths,
          gammafunk_ghost_arena, amethyst_killhole
D:4:      layout_basic, fedhas_ov_isle_minmay, serial_bayou,
          serial_bayou_shore_b, serial_bayou_pond_d, serial_bayou_pond_d,
          serial_bayou_ford_a, serial_bayou_lagoon_a, uniq_grinder
D:5:      layout_loops_ring, kennysheep_okawaru_gauntlet,
          lightli_temple_of_fire, serial_shops, nicolae_shop_crystal

Skill      XL: |  1  2  3  4  5  6  7 |
---------------+----------------------+-----
Ranged Weapons | 6 7 8 9 10 | 10.9
Fighting       | 3 |  3.5
Dodging        | |  2.4
Stealth        | |  1.2

Action                     |  1- 3 |  4- 6 |  7- 9 || total
---------------------------+-------+-------+-------++-------
   Fire: Shortbow          |   140 |    24 |       ||   164
         Longbow           |       |   107 |    42 ||   149
    Use: Scroll            |     1 |     9 |       ||    10
         Potion            |       |     3 |       ||     3
 Armour: Leather armour    |     9 |       |       ||     9
         Ring mail         |    15 |    25 |    17 ||    57
  Dodge: Dodged            |    24 |    19 |     6 ||    49

Table legend:
 A = Non-vault XP
 B = Vault XP
 C = Vault XP percentage of total XP
 D = Non-vault monster count
 E = Vault monster count
 F = Vault count percentage of total count
                 A         B        C        D         E       F
            +---------+---------+-------+---------+---------+-------
      Total |     761 |     284 |  27.2 |      90 |      11 |  10.9
            +---------+---------+-------+---------+---------+-------
        D:1 |      33 |      11 |  25.0 |      20 |       8 |  28.6
        D:2 |      49 |      15 |  23.4 |      18 |       2 |  10.0
        D:3 |     107 |       0 |   0.0 |      15 |       0 |   0.0
        D:4 |     228 |     258 |  53.1 |      23 |       1 |   4.2
        D:5 |     344 |       0 |   0.0 |      14 |       0 |   0.0
            +---------+---------+-------+---------+---------+-------
